 Dungeon Crawl Stone Soup version 0.30-a0-1160-g6e42c06 (webtiles) character file.

Game seed: 9499595878720191295

2792680 benis the End of an Era (level 27, 201/273 HPs)
             Began as a Hill Orc Monk on Apr 21, 2023.
             Was the Champion of Qazlal.
             Escaped with the Orb
             ... and 4 runes on Apr 26, 2023!
             The game lasted 05:54:34 (52811 turns).

benis the End of an Era (Hill Orc Monk)            Turns: 52811, Time: 05:54:34

Health: 201/273    AC: 35    Str: 48    XL:     27
Magic:  14/23      EV: 19    Int: 11    God:    Qazlal [******]
Gold:   5145       SH: 37    Dex: 13    Spells: 23/26 levels left

rFire   + + .        P - +6 broad axe of Cuogh {vamp, *Noise Will++ Str+3 Int+3}
rCold   + + +        o - +5 kite shield {reflect}
rNeg    + . .        W - +2 gold dragon scales
rPois   +            K - +1 helmet of the Volcano {Str+3}
rElec   .            v - scarf "Ajyewiod" {shadows, rF+ rN+ Str+8}
rCorr   +            z - +0 pair of fencer's gloves {Riposte Dex+3}
SInv    +            J - +2 pair of boots
Will    ++++.        Y - brooch of Shielding {Spirit SH+8} Stlth
                     N - +5 ring of evasion
HPRegen 0.65/turn    B - ring "Nuolul" {rC+++ rCorr MP-9 Str+6 Dex-3 SInv}
MPRegen 0.18/turn

%: repel missiles, reflection, guardian spirit
@: hasted, studying Ice Magic, very quick
A: hooves 1, deterioration 1, dopey 1, low MP 2, subdued magic 2, inability to
read after injury 1
0: Orb of Zot
}: 4/15 runes: decaying, serpentine, slimy, silver
a: Renounce Religion, Upheaval, Elemental Force, Disaster Area


You escaped.
You worshipped Qazlal.
Qazlal was exalted by your worship.
You visited 10 branches of the dungeon, and saw 52 of its levels.
You also visited: Trove, Sewer and Ice Cave.

You collected 9175 gold pieces.
You spent 4030 gold pieces at shops.

Inventory:

Hand Weapons
 a - a +6 spectral war axe
 b - the +1 war axe "Qulegaeq" {antimagic, rF++}
   (You found it on level 3 of the Lair of Beasts)

   rF:        It greatly protects you from fire.
 P - the +6 broad axe of Cuogh (weapon) {vamp, *Noise Will++ Str+3 Int+3}
   (You found it in a treasure trove)

   Str:       It affects your strength (+3).
   Int:       It affects your intelligence (+3).
   *Noise:    It may make noises in combat.
   Will:      It greatly increases your willpower.
Armour
 o - a +5 kite shield of reflection (worn)
 r - a +2 cloak of willpower
 v - the scarf "Ajyewiod" (worn) {shadows, rF+ rN+ Str+8}
   (You acquired it on level 4 of the Depths)

   Str:       It affects your strength (+8).
   rF:        It protects you from fire.
   rN:        It protects you from negative energy.
 w - a +1 plate armour of willpower
 z - the +0 pair of fencer's gloves (worn) {Riposte Dex+3}
   (You acquired it on level 5 of the Pits of Slime)

   Riposte:   It allows the wearer to riposte with melee weapons, swiftly
   retaliating against missed or blocked melee attacks.
   Dex:       It affects your dexterity (+3).
 J - a +2 pair of boots (worn)
 K - the +1 helmet of the Volcano (worn) {Str+3}
   (You found it on level 5 of the Vaults)

   Str:       It affects your strength (+3).
 W - +2 gold dragon scales (worn)
Jewellery
 d - a ring of willpower
 k - a +5 ring of evasion
 B - the ring "Nuolul" (right hand) {rC+++ rCorr MP-9 Str+6 Dex-3 SInv}
   (You found it in a treasure trove)

   [ring of strength]

   Str:       It affects your strength (+6).
   Dex:       It affects your dexterity (-3).
   rC:        It renders you almost immune to cold.
   MP:        It affects your magic capacity (-9).
   SInv:      It lets you see invisible.
   rCorr:     It protects you from acid and corrosion.
 E - the amulet of Joy {Rampage rPois Regen+ Int-4 Dex+3}
   (You bought it in a shop on level 11 of the Dungeon)

   [amulet of regeneration]

   Int:       It affects your intelligence (-4).
   Dex:       It affects your dexterity (+3).
   rPois:     It protects you from poison.
   Regen:     It increases your rate of health regeneration.
   Rampage:   It bestows one free step when moving towards enemies.
 H - a ring of protection from fire
 N - a +5 ring of evasion (left hand)
 U - the ring of Iwni {rPois Will+}
   (You found it on level 3 of the Snake Pit)

   [ring of willpower]

   rPois:     It protects you from poison.
   Will:      It increases your willpower.
 Y - the brooch of Shielding (around neck) {Spirit SH+8}
   (You took it off a deep elf master archer on level 3 of the Elven Halls)

   [amulet of guardian spirit]

   It causes incoming damage to be divided between your reserves of health and
   magic.
   SH:        It affects your SH (+8).
Wands
 g - a wand of roots (34)
 O - a wand of quicksilver (16)
 Q - a wand of digging (33)
Scrolls
 h - 6 scrolls of butterflies
 j - 31 scrolls of teleportation
 s - 11 scrolls of fear
 t - 22 scrolls of blinking
 u - 13 scrolls of vulnerability
 y - 6 scrolls of immolation
 A - 5 scrolls of enchant weapon
 F - 14 scrolls of poison
 G - 10 scrolls of magic mapping
 M - 6 scrolls of brand weapon
 V - 17 scrolls of fog
 X - 4 scrolls of silence
Potions
 c - 14 potions of ambrosia
 e - 10 potions of haste
 f - 13 potions of heal wounds
 l - 8 potions of curing
 m - 5 potions of magic
 n - 5 potions of cancellation
 p - 12 potions of lignification
 q - 13 potions of flight
 C - 5 potions of invisibility
 D - 14 potions of attraction
 I - 6 potions of berserk rage
 R - 5 potions of resistance
 S - 6 potions of might
 Z - 6 potions of mutation
Miscellaneous
 T - a phial of floods


   Skills:
 O Level 27 Fighting
 O Level 27 Axes
 + Level 23.5 Armour
 - Level 14.0 Dodging
 - Level 1.5 Stealth
 + Level 22.8 Shields
 - Level 8.0 Ice Magic
 O Level 27 Invocations


You had 23 spell levels left.
You knew the following spells:

 Your Spells              Type           Power      Damage    Failure   Level
a - Ozocubu's Armour      Ice            11%        N/A       11%         3

Your spell library contained the following spells:

 Spells                   Type           Power      Damage    Failure   Level
 Ensorcelled Hibernation  Hex/Ice        10%        N/A       28%         2
 Apportation              Tloc           0%         N/A       73%         1
 Beastly Appendage        Tmut           0%         N/A       73%         1
 Magic Dart               Conj           0%         1d3       73%         1
 Necrotise                Necr           0%         1d4       73%         1
 Sandblast                Erth           0%         2d4       73%         1
 Slow                     Hex            0%         N/A       73%         1
 Blink                    Tloc           0%         N/A       86%         2
 Call Imp                 Summ           0%         N/A       86%         2
 Lesser Beckoning         Tloc           0%         N/A       86%         2
 Momentum Strike          Conj/Tloc      0%         3d8       86%         2
 Passwall                 Tmut/Erth      0%         N/A       86%         2
 Scorch                   Fire           0%         2d5       86%         2
 Static Discharge         Conj/Air       0%         2-2/arc   86%         2
 Sublimation of Blood     Necr           0%         N/A       86%         2
 Wereblood                Tmut           0%         N/A       86%         2
 Summon Ice Beast         Ice/Summ       5%         N/A       91%         4
 Confusing Touch          Hex            0%         N/A       98%         3
 Dazzling Flash           Conj/Hex       0%         N/A       98%         3
 Ignite Poison            Fire/Tmut/Pois 0%         N/A       98%         3
 Mephitic Cloud           Conj/Pois/Air  0%         N/A       98%         3
 Portal Projectile        Hex/Tloc       0%         N/A       98%         3
 Spider Form              Tmut/Pois      0%         N/A       98%         3
 Stone Arrow              Conj/Erth      0%         3d7       98%         3
 Teleport Other           Tloc           0%         N/A       98%         3
 Vampiric Draining        Necr           0%         2d6       98%         3
 Vhi's Electric Charge    Tloc/Air       0%         N/A       98%         3
 Volatile Blastmotes      Fire/Tloc      0%         2d10      98%         3
 Metabolic Englaciation   Hex/Ice        2%         N/A       99%         5
 Airstrike                Air            0%         2d(0-16)  100%        4
 Anguish                  Hex/Necr       0%         N/A       100%        4
 Animate Armour           Summ/Erth      0%         N/A       100%        4
 Animate Dead             Necr           0%         N/A       100%        4
 Dispel Undead            Necr           0%         3d6       100%        4
 Flame Wave               Conj/Fire      0%         2d4       100%        4
 Fulminant Prism          Conj/Hex       0%         3d5       100%        4
 Iskenderun's Mystic Bla  Conj/Tloc      0%         2d3       100%        4
 Manifold Assault         Tloc           0%         N/A       100%        4
 Petrify                  Tmut/Erth      0%         N/A       100%        4
 Sticky Flame             Conj/Fire      0%         2d3       100%        4
 Summon Lightning Spire   Summ/Air       0%         N/A       100%        4
 Agony                    Necr           0%         N/A       100%        5
 Alistair's Intoxication  Tmut/Pois      0%         N/A       100%        5
 Arcjolt                  Conj/Air       0%         1d10      100%        5
 Blade Hands              Tmut           0%         N/A       100%        5
 Borgnjor's Vile Clutch   Necr/Erth      0%         N/A       100%        5
 Freezing Cloud           Conj/Ice/Air   1%         6-21      100%        5
 Irradiate                Conj/Tmut      0%         3d11      100%        5
 Iskenderun's Battlesphe  Conj           0%         2d6       100%        5
 Summon Mana Viper        Hex/Summ       0%         N/A       100%        5
 Dispersal                Tloc           0%         N/A       100%        6
 Eringya's Noxious Bog    Tmut/Pois      0%         N/A       100%        6
 Iron Shot                Conj/Erth      0%         9d1       100%        6
 Plasma Beam              Fire/Air       0%         2x1d11    100%        6
 Simulacrum               Ice/Necr       2%         N/A       100%        6
 Starburst                Conj/Fire      0%         6d3       100%        6
 Statue Form              Tmut/Erth      0%         N/A       100%        6
 Summon Cactus Giant      Summ           0%         N/A       100%        6
 Haunt                    Necr/Summ      0%         N/A       100%        7
 Malign Gateway           Summ/Tloc      0%         N/A       100%        7
 Monstrous Menagerie      Summ           0%         N/A       100%        7
 Ozocubu's Refrigeration  Ice            5%         4d8       100%        7
 Storm Form               Tmut/Air       0%         N/A       100%        7
 Summon Hydra             Summ           0%         N/A       100%        7
 Ignition                 Fire           0%         3d3       100%        8
 Infestation              Necr           0%         N/A       100%        8
 Maxwell's Capacitive Co  Air            0%         ∞         100%        8
 Summon Horrible Things   Summ           0%         N/A       100%        8
 Chain Lightning          Conj/Air       0%         N/A       100%        9
 Fire Storm               Conj/Fire      0%         5d1       100%        9
 Polar Vortex             Ice            5%         N/A       100%        9
 Shatter                  Erth           0%         3d5*      100%        9


Dungeon Overview and Level Annotations

Branches:
Dungeon (15/15)            Temple (0/1) D:5            Lair (5/5) D:10
  Swamp (4/4) Lair:2        Snake (4/4) Lair:2        Slime (5/5) Lair:5
    Orc (2/2) D:12            Elf (3/3) Orc:2        Vaults (5/5) D:13
  Crypt (0/3) Vaults:2     Depths (4/4) D:15            Zot (5/5) Depths:4
  Sewer (visited)           IceCv (visited)

Altars:
Cheibriados
Elyvilon
Kikubaaqudgha
Nemelex Xobeh
Qazlal
Trog
Uskayaw
Vehumet
Wu Jian
Xom
Zin
Beogh

Shops:
D:5 =(?   D:7 *   D:10 =   D:11 ?=*:   Orc:1 :   Orc:2 (=*:   Elf:2 *
Elf:3 *?[=   Snake:4 [   Vaults:2 [[([   Vaults:3 !(

Portals:
Hell: Depths:1 Depths:2 Depths:3 Depths:4
Abyss: Depths:3
Pandemonium: Depths:2
Ziggurat: Depths:2

Annotations:
D:6 3 runed translucent doors, Bundar's ghost, amateur DrBe
D:11 2 transporters, Illumine's ghost, journeyman VSFi
Snake:1 2 runed translucent doors, niggles's ghost, journeyman SpHu
Zot:2 2 transporters


Innate Abilities, Weirdness & Mutations

You have large cloven feet.
Your body sometimes deteriorates upon taking damage.
You are dopey. (Int -2)
Your magical capacity is very low. (-20% MP)
Your spells are easier to cast, but less powerful.
You occasionally lose the ability to read scrolls when taking damage.


Message History

There is a stone staircase leading down here.
(D) Dungeon (T) Temple (L) Lair (S) Swamp (P) Snake Pit (M) Slime Pits (O) Orcish Mines (E) Elven Halls (V) Vaults (C) Crypt (U) Depths (H) Hell (Z) Zot
Where to? (Enter - D:2, ? - help)
There is a stone staircase leading up, spattered with blood here.
You climb upwards.
There is a stone staircase leading down here.
(D) Dungeon (T) Temple (L) Lair (S) Swamp (P) Snake Pit (M) Slime Pits (O) Orcish Mines (E) Elven Halls (V) Vaults (C) Crypt (U) Depths (H) Hell (Z) Zot
Where to? (Enter - D:1, ? - help)
Okay, then.
A tormentor comes into view.
You see here a +0 club.
You feel yourself speed up.
An Orb Guardian comes into view.
You block the Orb Guardian's attack.
The tormentor calls on the powers of darkness!
The Orb Guardian convulses!
Your body is wracked with pain!
Aiming: Upheaval
Press: ? - help, Dir - move target A storm cloud blasts the area with cutting wind!
The cutting wind hits the tormentor!!!
You kill the tormentor!
Qazlal accepts your kill. You block the Orb Guardian's attack.
You riposte.
You slice the Orb Guardian!!
The Orb Guardian is almost dead.
You hit the Orb Guardian but do no damage.
The Orb Guardian is almost dead.
The Orb Guardian misses you.
You riposte.
You slash the Orb Guardian!
You feel better.
You kill the Orb Guardian!
Qazlal accepts your kill.
You feel much better.
There is an open door here.
There is a staircase leading out of the dungeon here.
You have escaped!

##### #####
#...#
##...####
#°@.#
#.......#
#§..#
#.......#
#.○.#
†.......###
####'###
#.........#
#...§°.##
#.......#.#
#.......#
#..#....#.#
#.#.###.#
#..[...##.#
#.#) #..#
#..#....).#
# #. #.##


There were no monsters in sight!

Vanquished Creatures
  the Royal Jelly (Slime:5)
  2 orbs of fire (Zot:5)
  A dread lich (Vaults:5)
  3 ancient liches
  The ghost of Feqol the Slayer, a veteran DsFi of Nemelex Xobeh (Vaults:2)
  Vv (Depths:4)
  A shard shrike (IceCv)
  Bai Suzhen (Depths:2)
  5 Killer Klowns (Zot:5)
  Vashnia (Snake:4)
  the Lernaean hydra (Swamp:4)
  5 caustic shrikes (Depths:4)
  Margery (Vaults:4)
  2 curse toes
  the Enchantress (Depths:3)
  12 golden dragons
  2 electric golems (Zot:5)
  27 tentacled monstrosities
  Asterion (Elf:2)
  A walking crystal tome (Depths:4)
  5 titans
  2 liches
  21 Orb Guardians
  Jorgrun (D:13)
  A walking frostbound tome (Depths:3)
  2 deep elf master archers (Elf:3)
  3 deep elf blademasters
  10 acid blobs
  15 quicksilver dragons
  Frances (D:13)
  An ancient champion (Vaults:2)
  The ghost of Xakkaofoa the Severer, an adept MeFi of the Shining One (Snake:3)
  Gastronok (Lair:2)
  3 sphinxes
  12 death cobs
  Kirke (Lair:2)
  Roxanne (Elf:3)
  Agnes (Elf:1)
  8 draconian monks
  Donald (Swamp:1)
  A fenstrider witch (Swamp:4)
  18 storm dragons
  10 shadow dragons
  5 tengu reavers
  6 draconian knights
  10 fire giants
  4 azure jellies
  6 nagarajas
  12 rockslimes
  A balrug (Depths:1)
  18 vault wardens
  2 ghost moths
  13 draconian shifters
  8 frost giants
  11 draconian scorchers
  3 deep elf sorcerers (Elf:3)
  3 deep elf elementalists (Elf:3)
  7 draconian stormcallers
  Louise (Snake:4)
  3 spriggan defenders (Depths:3)
  2 orc warlords
  3 war gargoyles
  9 quicksilver oozes
  8 ironbound thunderhulks
  2 reapers
  6 draconian annihilators
  18 stone giants
  32 very ugly things
  16 ironbound preservers
  15 green draconians
  12 black draconians
  2 eleionomae
  8 vampire knights (Depths:1)
  19 purple draconians
  16 yellow draconians
  6 deep elf annihilators (Elf:3)
  5 bunyips
  6 deep elf demonologists
  14 red draconians
  8 dire elephants
  16 white draconians
  10 spark wasps
  2 green deaths (Snake:1)
  8 fire dragons
  Snorg (D:10)
  A blizzard demon (Depths:3)
  6 deep elf death magi
  5 ettins
  Josephine (D:13)
  A merfolk javelineer (Depths:1)
  4 crystal guardians
  A merfolk impaler (Depths:3)
  Fannar (Lair:2)
  4 deep elf high priests
  24 yaktaur captains
  4 great orbs of eyes
  A hell beast (Depths:1)
  3 rakshasas
  25 vault guards
  Harold (Lair:2)
  A salamander tyrant (Snake:3)
  3 catoblepae
  6 ice dragons
  16 hydras
  3 spriggan air magi
  4 peacekeepers
  3 boulder beetles
  2 ghost crabs
  Erolcha (D:13)
  13 anacondas
  11 ironbound frosthearts
  A two-headed ogre (shapeshifter) (Vaults:5)
  15 centaur warriors
  11 deep troll shamans
  15 alligators
  7 deep troll earth magi
  16 naga warriors
  6 tengu warriors
  15 naga sharpshooters
  A death yak (shapeshifter) (Depths:3)
  A two-headed ogre (D:11)
  3 vampire magi
  7 shock serpents
  6 death yaks
  28 dancing weapons
  4 spriggan berserkers
  A titan zombie (D:15)
  12 orc high priests
  A soul eater (Depths:2)
  14 deep elf knights
  A sun demon (D:8)
  9 spriggans
  16 hell knights
  4 salamander mystics
  11 iron trolls
  A fire crab (shapeshifter) (Vaults:5)
  6 goliath frogs
  A sixfirhy (Depths:2)
  A skeletal warrior (D:15)
  A storm dragon skeleton (Depths:3)
  2 skysharks
  8 sea snakes
  An orb spider (shapeshifter) (Depths:2)
  5 glowing orange brains
  A shadow demon (D:6)
  36 deep trolls
  A spriggan druid (Swamp:3)
  10 naga ritualists
  3 wizards
  15 swamp dragons
  8 bog bodies
  A flayed ghost (D:15)
  An orange crystal statue (IceCv)
  9 lindwurms
  6 orc knights
  7 deep elf archers
  26 ironbound convokers
  10 necromancers
  A steelbarb worm (shapeshifter) (Vaults:5)
  A tengu skeleton (Depths:1)
  8 mana vipers
  32 deep elf pyromancers
  4 phantasmal warriors (Vaults:5)
  4 manticores
  8 orc sorcerers
  A frost giant zombie (D:15)
  38 ugly things
  19 deep elf zephyrmancers
  16 salamanders
  7 shining eyes
  4 will-o-the-wisps
  A manticore (shapeshifter) (Elf:3)
  A shining eye (shapeshifter) (Vaults:5)
  A sphinx skeleton (D:15)
  7 cyclopes
  17 elephants
  26 moths of wrath
  3 fire giant skeletons
  34 vault sentinels
  8 torpor snails (Lair:5)
  2 ice statues (D:15)
  28 naga magi
  30 black mambas
  An eye of devastation (shapeshifter) (Vaults:5)
  7 guardian serpents
  2 orange demons (Depths:2)
  A yaktaur zombie (Vaults:1)
  A gargoyle (D:13)
  27 rime drakes
  A kobold demonologist (D:10)
  25 yaktaurs
  A rime drake (shapeshifter) (Vaults:5)
  10 cane toads
  A golden dragon simulacrum (Depths:1)
  8 komodo dragons
  3 efreet
  2 freezing wraiths
  A guardian mummy (D:15)
  6 tengu conjurers
  2 ice devils (Depths:2)
  A queen bee (Lair:3)
  A tormentor (D:1)
  A wind drake (shapeshifter) (D:14)
  A troll (shapeshifter) (Depths:4)
  3 meliai (D:14)
  17 polar bears
  10 trolls
  14 hornets
  9 tyrant leeches
  16 blink frogs
  A stone giant simulacrum (Depths:1)
  2 dream sheep (Lair:5)
  A slime creature (shapeshifter) (Vaults:3)
  58 slime creatures
  A centaur simulacrum (D:15)
  A vampire (D:9)
  11 water elementals
  7 wraiths
  76 yaks
  8 wyverns
  14 basilisks
  2 steam dragons
  3 fire elementals
  An air elemental (Elf:2)
  A chaos spawn (Zot:2)
  A ynoxinul (Depths:2)
  3 golden eyes (Slime:2)
  5 hogs
  A neqoxec (Depths:2)
  A yaktaur simulacrum (Vaults:1)
  12 wargs
  53 nagas
  15 vampire mosquitoes
  22 swamp worms
  10 water moccasins
  2 acid dragons
  25 orc warriors
  2 ice beasts
  A sky beast (D:7)
  8 swamp drakes
  6 ogres
  11 boggarts
  21 wolves
  A phantom (D:6)
  9 centaurs
  4 kobold brigands
  A bullfrog (shapeshifter) (Depths:4)
  14 bullfrogs
  A human simulacrum (Vaults:1)
  6 scorpions
  A necrophage (D:7)
  A wyvern zombie (D:7)
  3 earth elementals
  11 wights
  33 killer bees
  2 howler monkeys (D:8)
  7 electric eels
  A jelly (D:5)
  2 centaur zombies (D:7)
  3 hounds
  A human zombie (D:7)
  3 quasits
  Crazy Yiuf (D:3)
  48 orc priests
  5 iguanas
  3 sleepcaps
  19 orc wizards
  A hell rat (Lair:3)
  3 killer bee zombies (D:7)
  A howler monkey zombie (D:7)
  A mummy (D:7)
  3 gnolls (D:3)
  14 adders
  6 river rats
  4 shadow imps (D:5)
  4 white imps
  3 ufetubi
  2 worms
  5 dart slugs
  92 orcs
  4 endoplasms
  5 giant cockroaches
  8 hobgoblins
  7 jackals
  3 quokkas
  17 ball pythons
  9 bats
  5 frilled lizards
  6 goblins
  18 kobolds
  11 rats
  A butterfly (Lair:1)
  16 spectral weapons
2345 creatures vanquished.

Vanquished Creatures (collateral kills)
  An ancient lich (Vaults:5)
  A Killer Klown (Zot:5)
  A tentacled monstrosity (Vaults:5)
  4 Orb Guardians (Zot:5)
  7 acid blobs (Slime:5)
  A shadow dragon (Vaults:5)
  A tengu reaver (Vaults:5)
  3 azure jellies (Slime:5)
  4 rockslimes
  4 vault wardens (Vaults:5)
  A quicksilver ooze (Slime:5)
  A deep elf annihilator (Vaults:5)
  An ettin (Vaults:5)
  A deep elf high priest (Vaults:5)
  3 yaktaur captains (Vaults:5)
  3 hydras (Swamp:4)
  A vault guard (Vaults:5)
  An anaconda (shapeshifter) (Vaults:5)
  3 naga warriors
  A hell knight (Vaults:4)
  A shadow wraith (Vaults:5)
  2 goliath frogs
  A spriggan druid (Swamp:1)
  2 mana vipers (Snake:2)
  2 ironbound convokers (Vaults:5)
  A salamander (Snake:2)
  A wolf spider (shapeshifter) (Vaults:5)
  An elephant (Lair:5)
  A guardian serpent (Snake:4)
  2 naga magi
  An eye of devastation (Slime:5)
  A yaktaur (Vaults:5)
  A slime creature (Slime:5)
  A vampire mosquito (Swamp:4)
  7 nagas
68 creatures vanquished.

Vanquished Creatures (others)
  An Orb Guardian (Zot:5)
  An ironbound preserver (Vaults:4)
  A draconian annihilator (Zot:3)
  An alligator (Swamp:4)
  2 deep elf pyromancers (Elf:2)
  A wizard (Vaults:3)
  A bloated husk (Swamp:1)
  A naga (Snake:4)
  An orc warrior (Vaults:5)
  2 orc wizards (D:6)
  A bush (Lair:1)
  A demonic plant (D:5)
  12 foxfires
  19 fungi
  84 plants
  50 spectral weapons
  2 withered plants (D:15)
181 creatures vanquished.

Grand Total: 2594 creatures vanquished

Notes
Turn   | Place    | Note
-------+----------+-------------------------------------------
     0 | D:1      | benis the Hill Orc Monk began the quest for the Orb.
     0 | D:1      | Reached XP level 1. HP: 19/19 MP: 1/1
   100 | D:1      | Found a faded altar of an unknown god.
   113 | D:1      | Prayed at the altar of an unknown god.
   113 | D:1      | Became a worshipper of Qazlal Stormbringer
   113 | D:1      | Reached * piety under Qazlal
   113 | D:1      | Reached ** piety under Qazlal
   182 | D:1      | Reached XP level 2. HP: 26/26 MP: 2/2
   202 | D:1      | Reached *** piety under Qazlal
   208 | D:1      | Reached skill level 5 in Axes
   428 | D:1      | Reached XP level 3. HP: 28/31 MP: 3/3
  1238 | D:2      | Reached XP level 4. HP: 39/39 MP: 4/4
  1528 | D:3      | Found a runed translucent door.
  1529 | D:3      | Noticed Crazy Yiuf
  1604 | D:3      | Found a glowing drain.
  1613 | Sewer    | Entered a sewer
  1619 | Sewer    | Reached **** piety under Qazlal
  1777 | Sewer    | Reached XP level 5. HP: 43/45 MP: 5/5
  2546 | D:3      | Reached XP level 6. HP: 51/51 MP: 6/6
  2964 | D:3      | Killed Crazy Yiuf
  3116 | D:4      | Found a radiant altar of Vehumet.
  3266 | D:4      | Found a sparkling altar of Nemelex Xobeh.
  3305 | D:4      | Reached ***** piety under Qazlal
  3394 | D:4      | Reached skill level 10 in Axes
  3394 | D:4      | Reached XP level 7. HP: 37/57 MP: 5/7
  3776 | D:5      | Entered Level 5 of the Dungeon
  4026 | D:5      | Reached XP level 8. HP: 63/64 MP: 8/8
  4113 | D:5      | Found Ajubus's Magic Scroll Shoppe.
  4123 | D:5      | Bought a scroll of identify for 22 gold pieces
  4123 | D:5      | Bought a scroll of blinking for 82 gold pieces
  4123 | D:5      | Bought a scroll of brand weapon for 104 gold pieces
  4123 | D:5      | Bought a scroll of identify for 22 gold pieces
  4123 | D:5      | Bought a scroll of fear for 44 gold pieces
  4123 | D:5      | Bought a scroll of enchant armour for 82 gold pieces
  4155 | D:5      | Found a staircase to the Ecumenical Temple.
  4160 | D:5      | Found Tahurud's Weapon Emporium.
  4221 | D:5      | Found Fita's Jewellery Emporium.
  4253 | D:5      | Found a shimmering altar of Xom.
  4423 | D:5      | Found a stormy altar of Qazlal.
  5048 | D:6      | Reached XP level 9. HP: 60/70 MP: 9/9
  5092 | D:6      | Identified the +0 plate armour of Yduosh {rPois MP+9 Dex+3}
  5093 | D:6      | Found a runed translucent gate.
  5095 | D:6      | Found a runed translucent gate.
  5097 | D:6      | Found a runed translucent gate.
  5099 | D:6      | Noticed Bundar's ghost (amateur DrBe)
  5104 | D:6      | Found a roughly hewn altar of Beogh.
  5146 | D:6      | Reached skill level 15 in Axes
  5337 | D:6      | Identified the +5 dagger "Qutz" {elec, rPois rC- Str-4
                  | Dex+3}
  5970 | D:7      | Found Sokoocw's General Store.
  5979 | D:7      | Bought a scroll of magic mapping for 97 gold pieces
  5979 | D:7      | Bought a scroll of identify for 26 gold pieces
  5979 | D:7      | Bought a scroll of identify for 26 gold pieces
  6357 | D:7      | Found a roughly hewn altar of Beogh.
  6530 | D:7      | Found an ancient bone altar of Kikubaaqudgha.
  6549 | D:7      | Reached skill level 5 in Invocations
  6984 | D:8      | Found a snail-covered altar of Cheibriados.
  6988 | D:8      | Found a glowing silver altar of Zin.
  7101 | D:8      | Reached XP level 10. HP: 66/77 MP: 9/16
  7586 | D:8      | Learned a level 3 spell: Ozocubu's Armour
  7667 | D:9      | Noticed a centaur warrior
  7668 | D:9      | Reached skill level 10 in Invocations
  7674 | D:8      | Reached skill level 1 in Armour
  8008 | D:9      | Killed a centaur warrior
  8009 | D:9      | Reached skill level 5 in Armour
  8787 | D:10     | Entered Level 10 of the Dungeon
  8835 | D:10     | Found a staircase to the Lair.
  8848 | D:10     | Noticed a kobold demonologist
  8860 | D:10     | Killed a kobold demonologist
  8861 | D:10     | Reached XP level 11. HP: 77/82 MP: 18/18
  8901 | D:10     | Reached skill level 1 in Ice Magic
  8922 | D:10     | Noticed Snorg
  8927 | D:10     | Killed Snorg
  9248 | D:10     | Found Ijihil's Jewellery Shoppe.
  9253 | D:10     | Upgraded the game from 0.30-a0-916-g9813417 to
                  | 0.30-a0-1157-g2cc9ac7
  9882 | D:11     | Noticed Illumine's ghost (journeyman VSFi)
  9882 | D:11     | Noticed a two-headed ogre
  9882 | D:11     | Noticed a two-headed ogre
  9883 | D:11     | Found a transporter.
  9883 | D:11     | Noticed a two-headed ogre
  9884 | D:11     | Identified the +6 great mace of the Carved God {flame, rF+
                  | SInv}
  9884 | D:11     | Identified the +6 giant club of Fufethrij {pain, Will+
                  | SInv}
  9884 | D:11     | Noticed a two-headed ogre
  9887 | D:11     | Found a transporter.
 10291 | D:11     | Noticed a two-headed ogre
 10312 | D:11     | Killed a two-headed ogre
 10313 | D:11     | Reached skill level 5 in Ice Magic
 10573 | D:11     | Found Wili's Magic Scroll Shop.
 10574 | D:11     | Found Akhalob's Jewellery Boutique.
 10576 | D:11     | Found Boniehae's Assorted Antiques.
 10577 | D:11     | Found Kuik's Book Shop.
 10588 | D:11     | Bought a scroll of poison for 64 gold pieces
 10588 | D:11     | Bought a scroll of fog for 64 gold pieces
 10588 | D:11     | Bought a scroll of identify for 32 gold pieces
 10588 | D:11     | Bought a scroll of identify for 32 gold pieces
 10590 | D:11     | Bought a scroll of identify for 32 gold pieces
 10590 | D:11     | Bought a scroll of identify for 32 gold pieces
 11119 | D:12     | Found a bloodstained altar of Trog.
 11221 | D:12     | Identified the +0 robe of Azeism {rCorr Int+5}
 11581 | D:12     | Noticed a deep elf pyromancer
 11666 | D:12     | Killed a deep elf pyromancer
 11756 | D:12     | Reached XP level 12. HP: 67/90 MP: 15/20
 12002 | D:12     | Noticed a seven-headed hydra
 12026 | D:12     | Killed a seven-headed hydra
 12357 | D:12     | Found a staircase to the Orcish Mines.
 12386 | Orc:1    | Entered Level 1 of the Orcish Mines
 12456 | Orc:1    | Found a roughly hewn altar of Beogh.
 12487 | Orc:1    | Found Ycint's Book Boutique.
 12521 | Orc:2    | Entered Level 2 of the Orcish Mines
 12521 | Orc:2    | Noticed an orc warlord
 12544 | Orc:1    | Killed an orc warlord
 12545 | Orc:1    | Reached skill level 5 in Fighting
 12732 | Orc:2    | Found a staircase to the Elven Halls.
 13388 | Orc:2    | Noticed an orc high priest
 13393 | Orc:2    | Killed an orc high priest
 13403 | Orc:2    | Reached ****** piety under Qazlal
 13435 | Orc:2    | Noticed an orc high priest
 13463 | Orc:2    | Killed an orc high priest
 13466 | Orc:2    | Reached XP level 13. HP: 86/111 MP: 18/22
 13663 | Orc:2    | Reached skill level 10 in Armour
 13786 | Orc:2    | Reached skill level 5 in Dodging
 14126 | Orc:2    | Found Tuogrok's Book Emporium.
 14126 | Orc:2    | Found Obreptad's General Store.
 14315 | Orc:2    | Found Iseobb's Antique Weapon Boutique.
 14315 | Orc:2    | Found Lutiz's Jewellery Emporium.
 14352 | Orc:2    | Found a roughly hewn altar of Beogh.
 14400 | Orc:2    | Bought a scroll of blinking for 82 gold pieces
 14400 | Orc:2    | Bought a potion of curing for 33 gold pieces
 14642 | D:5      | Bought a scroll of blinking for 82 gold pieces
 14642 | D:5      | Bought a scroll of teleportation for 33 gold pieces
 14642 | D:5      | Bought a scroll of identify for 22 gold pieces
 14780 | D:11     | Bought the amulet of Joy {Rampage rPois Regen+ Int-4 Dex+3}
                  | for 547 gold pieces
 14843 | Lair:1   | Entered Level 1 of the Lair of Beasts
 15602 | Lair:2   | Noticed Gastronok
 15617 | Lair:2   | Killed Gastronok
 15618 | Lair:2   | Reached XP level 14. HP: 114/118 MP: 24/24
 15638 | Lair:2   | Noticed Harold
 15658 | Lair:2   | Killed Harold
 15673 | Lair:2   | Reached skill level 15 in Invocations
 15678 | Lair:2   | Noticed Fannar
 15710 | Lair:2   | Killed Fannar
 15783 | Lair:2   | Found a staircase to the Snake Pit.
 15835 | Lair:2   | Found a staircase to the Swamp.
 16382 | Lair:3   | Upgraded the game from 0.30-a0-1157-g2cc9ac7 to
                  | 0.30-a0-1158-gd85ba11
 16790 | Lair:3   | Identified the staff of conjuration "Sifudoc" {Will+}
 16872 | Lair:3   | Identified the +1 war axe "Qulegaeq" {antimagic, rF++}
 17541 | Lair:4   | Reached skill level 10 in Fighting
 18090 | Lair:5   | Entered Level 5 of the Lair of Beasts
 18218 | Lair:5   | Reached XP level 15. HP: 92/132 MP: 21/27
 18277 | Lair:5   | Found a staircase to the Slime Pits.
 18358 | Lair:5   | Upgraded the game from 0.30-a0-1158-gd85ba11 to
                  | 0.30-a0-1160-g6e42c06
 18442 | Snake:1  | Entered Level 1 of the Snake Pit
 18617 | Snake:1  | Found a runed translucent door.
 19108 | Snake:1  | Found a large runed translucent door.
 19108 | Snake:1  | Found a large runed translucent door.
 19110 | Snake:1  | Noticed niggles's ghost (journeyman SpHu)
 19894 | Snake:2  | Reached skill level 1 in Shields
 19895 | Snake:2  | Reached XP level 16. HP: 105/146 MP: 23/29
 20108 | Snake:2  | Reached skill level 5 in Shields
 20549 | Snake:3  | Noticed a nagaraja
 20585 | Snake:3  | Killed a nagaraja
 20926 | Snake:3  | Found a runed translucent door.
 20926 | Snake:3  | Found a shimmering altar of Xom.
 20926 | Snake:3  | Noticed Xakkaofoa's ghost (adept MeFi)
 21182 | Snake:3  | Reached skill level 10 in Shields
 21400 | Swamp:1  | Entered Level 1 of the Swamp
 21404 | Swamp:1  | Noticed Kirke
 21424 | Lair:2   | Killed Kirke
 21561 | Swamp:1  | Noticed Donald
 21568 | Swamp:1  | Killed Donald
 21633 | Swamp:1  | Found a white marble altar of Elyvilon.
 21786 | Swamp:1  | Reached XP level 17. HP: 152/152 MP: 30/30
 23226 | Swamp:4  | Entered Level 4 of the Swamp
 23767 | Swamp:4  | Noticed the 27-headed Lernaean hydra
 23773 | Swamp:4  | Killed the 26-headed Lernaean hydra
 23774 | Swamp:4  | Reached skill level 15 in Fighting
 23886 | Swamp:4  | Got a decaying rune of Zot
 24509 | Lair:5   | Reached XP level 18. HP: 166/166 MP: 33/33
 24644 | Lair:5   | Got the Book of Damage
 24954 | Lair:5   | Found a runed translucent door.
 25589 | Snake:4  | Entered Level 4 of the Snake Pit
 25626 | Snake:3  | Killed Xakkaofoa's ghost
 25628 | Snake:3  | Identified the ring of Iwni {rPois Will+}
 25803 | Snake:4  | Found Ifraocaff's Armour Emporium.
 25964 | Snake:4  | Bought a +1 helmet of see invisible for 165 gold pieces
 26005 | Snake:4  | Noticed Vashnia
 26012 | Snake:4  | Noticed Louise
 26018 | Snake:4  | Killed Vashnia
 26027 | Snake:4  | Killed Louise
 26572 | Snake:4  | Reached XP level 19. HP: 147/179 MP: 34/34
 26642 | Snake:4  | Got a serpentine rune of Zot
 26997 | Elf:1    | Entered Level 1 of the Elven Halls
 27095 | Elf:1    | Noticed Agnes
 27112 | Elf:1    | Killed Agnes
 27280 | Elf:1    | Identified the +3 buckler of the Boiling Point {Rampage
                  | rPois rCorr}
 28016 | Elf:2    | Paralysed by an air elemental for 1 turns
 28133 | Elf:2    | Found a runed translucent gate.
 28133 | Elf:2    | Found a runed translucent gate.
 28135 | Elf:2    | Found a runed translucent gate.
 28275 | Elf:2    | Found a portal to a secret trove of treasure.
 28409 | Elf:2    | Found Hocimesu's Assorted Antiques.
 28417 | Elf:2    | Bought a potion of heal wounds for 135 gold pieces
 28417 | Elf:2    | Bought a potion of curing for 81 gold pieces
 28597 | Elf:2    | Noticed Asterion
 28611 | Elf:2    | Killed Asterion
 29047 | Elf:3    | Entered Level 3 of the Elven Halls
 29171 | Elf:3    | Noticed Roxanne
 29190 | Elf:3    | Killed Roxanne
 29191 | Elf:3    | Reached XP level 20. HP: 173/193 MP: 36/36
 29288 | Elf:3    | Noticed a Tzitzimitl
 29694 | Elf:3    | Found Jyotux's Jewellery Boutique.
 29695 | Elf:3    | Found Wutzause's Armour Boutique.
 29695 | Elf:3    | Found Liacog's Magic Scroll Boutique.
 29697 | Elf:3    | Found Byane's Assorted Antiques.
 29710 | Elf:3    | Bought a scroll of enchant weapon for 90 gold pieces
 29714 | Elf:3    | Bought a potion of might for 112 gold pieces
 29714 | Elf:3    | Bought a scroll of teleportation for 84 gold pieces
 30129 | Elf:3    | Got the Compendium of the Enthralling Icicle
 30133 | Elf:3    | Identified the +3 short sword of Cowardice {protect, rN+
                  | Dex+2}
 30202 | Elf:3    | Got the Almanac of Shifting Resurrection
 30207 | Elf:3    | Got the Anthology of Altered Zombies
 30210 | Elf:3    | Got the Papyrus of the Vector
 30253 | Elf:3    | Identified the +5 trident of Tenacity {freeze, Stlth+}
 30292 | Elf:3    | Identified the staff of air "Emimurem" {rElec rPois}
 30293 | Elf:3    | Identified the staff of death "Cyulluo" {rN+ Str-4 Int+4}
 30670 | D:13     | Noticed Frances
 30678 | D:13     | Killed Frances
 30736 | D:13     | Found a gate to the Vaults.
 30847 | D:13     | Noticed Jorgrun
 30857 | D:13     | Killed Jorgrun
 30860 | D:13     | Noticed Josephine
 30869 | D:13     | Killed Josephine
 31138 | D:13     | Noticed Erolcha
 31141 | D:13     | Killed Erolcha
 31399 | D:13     | Reached skill level 27 in Invocations
 32690 | D:15     | Entered Level 15 of the Dungeon
 32710 | D:15     | Found a frozen archway.
 32733 | IceCv    | Entered an ice cave
 32869 | IceCv    | Got the Codex of Relocated Bringing Forth
 33062 | IceCv    | Noticed a shard shrike
 33087 | IceCv    | Killed a shard shrike
 33595 | IceCv    | Identified the +1 pair of boots of the Wild Haggis {Harm
                  | rCorr Str+4 Dex-4}
 33700 | D:15     | Reached XP level 21. HP: 196/202 MP: 36/38
 33819 | D:15     | Found a staircase to the Depths.
 34439 | Vaults:1 | Entered Level 1 of the Vaults
 36211 | Vaults:2 | Identified a scroll of acquirement
 36220 | Vaults:2 | Acquired a manual of Dodging
 36302 | Vaults:2 | Found Heiqen's Armour Shoppe.
 36324 | Vaults:2 | Bought the +3 pair of gloves "Zoda Gas" {rC+ Int+2 Stlth+}
                  | for 607 gold pieces
 36560 | Vaults:2 | Found Oxiezxu's Weapon Shoppe.
 36587 | Vaults:2 | Found a runed translucent door.
 36589 | Vaults:2 | Noticed Feqol's ghost (veteran DsFi)
 36637 | Vaults:2 | Killed Feqol's ghost
 36638 | Vaults:2 | Reached skill level 10 in Dodging
 36649 | Vaults:2 | Got Xuptyjant's Essays on Terrain
 36720 | Vaults:2 | Found Kiriag's Antique Armour Shoppe.
 36798 | Vaults:2 | Found Coafadew's Antique Armour Shop.
 36833 | Vaults:2 | Bought a glowing plate armour for 624 gold pieces
 37303 | Vaults:2 | Identified the staff of fire "Govukhef" {rF+ rC+ Int+3
                  | Stlth+}
 37392 | Vaults:2 | Found a staircase to the Crypt.
 37981 | Vaults:3 | Reached XP level 22. HP: 215/215 MP: 39/39
 38177 | Vaults:3 | Found Near's Distillery.
 38183 | Vaults:3 | Bought a potion of might for 52 gold pieces
 38183 | Vaults:3 | Bought a potion of haste for 130 gold pieces
 38183 | Vaults:3 | Bought 2 potions of curing for 78 gold pieces
 38183 | Vaults:3 | Bought a potion of haste for 130 gold pieces
 38183 | Vaults:3 | Bought a potion of curing for 39 gold pieces
 38183 | Vaults:3 | Bought a potion of heal wounds for 65 gold pieces
 38183 | Vaults:3 | Bought a potion of curing for 39 gold pieces
 38183 | Vaults:3 | Bought a potion of curing for 39 gold pieces
 38639 | Elf:2    | You paid a toll of 18 potions of curing to enter a treasure
                  | trove
 38640 | Trove    | Entered a treasure trove
 38648 | Trove    | Identified the ring of Moph {Str+3 SInv}
 38650 | Trove    | Identified the ring of Wafu {rPois rN+ rCorr Int+6}
 38659 | Trove    | Identified the ring "Nuolul" {rC+++ rCorr MP-9 Str+6 Dex-3
                  | SInv}
 38661 | Trove    | Identified the +6 broad axe of Cuogh {vamp, *Noise Will++
                  | Str+3 Int+3}
 38664 | Trove    | Identified the ring of Ladeschie {rCorr Str+3}
 38666 | Trove    | Identified the +0 buckler "Reffen" {rC- MP+9 Int-2 SInv}
 39886 | Vaults:3 | Found Ucvaupopt's Antique Weapon Shoppe.
 40556 | Vaults:4 | Noticed Margery
 40568 | Vaults:4 | Killed Margery
 40942 | Vaults:5 | Entered Level 5 of the Vaults
 40953 | Vaults:5 | Reached XP level 23. HP: 232/232 MP: 16/40
 40953 | Vaults:5 | Noticed a dread lich
 40962 | Vaults:5 | Noticed a golden dragon
 40967 | Vaults:5 | Killed a dread lich
 40967 | Vaults:5 | Identified the +5 flail of the First Realms {heavy, rElec
                  | Will++ Dex-3 SInv}
 40971 | Vaults:5 | Killed a golden dragon
 41114 | Vaults:5 | Noticed an ancient lich
 41121 | Vaults:5 | Killed an ancient lich
 41200 | Vaults:5 | Noticed an ancient lich
 41204 | Vaults:5 | Reached skill level 27 in Fighting
 41209 | Vaults:5 | Killed an ancient lich
 41332 | Vaults:5 | Noticed an ancient lich
 41483 | Vaults:5 | Killed an ancient lich
 41578 | Vaults:5 | Identified the +1 helmet of the Volcano {Str+3}
 41595 | Vaults:5 | Got a silver rune of Zot
 41933 | Vaults:5 | Identified the staff of death "Icakouj" {rPois rN+ Str+2
                  | Dex-4}
 42291 | Vaults:5 | Found the +11 plutonium sword {Contam Stlth-}
 42728 | Slime:1  | Entered Level 1 of the Pits of Slime
 42762 | Slime:2  | Reached XP level 24. HP: 247/248 MP: 31/40
 43106 | Slime:4  | Gained mutation: Your spells are a little easier to cast,
                  | but a little less powerful. [a shining eye]
 43107 | Slime:4  | Gained mutation: You are dopey. (Int -2) [a shining eye]
 43118 | Slime:5  | Entered Level 5 of the Pits of Slime
 43132 | Slime:5  | Noticed the Royal Jelly
 43135 | Slime:5  | Killed the Royal Jelly
 43156 | Slime:5  | Found the ring of the Mage {Wiz Archmagi}
 43200 | Slime:5  | Identified the staff of poison "Ziff" {rPois Str+2}
 43232 | Slime:5  | Gained mutation: Your muscles are strong. (Str +4, Int/Dex
                  | -1) [a shining eye]
 43237 | Slime:5  | Lost mutation: You are dopey. (Int -2) [a shining eye]
 43240 | Slime:5  | Gained mutation: Your spells are easier to cast, but less
                  | powerful. [a shining eye]
 43242 | Slime:5  | Gained mutation: You are dopey. (Int -2) [a shining eye]
 43265 | Slime:5  | Got a slimy rune of Zot
 43271 | Slime:5  | Gained mutation: Your spells are much easier to cast, but
                  | much less powerful. [a shining eye]
 43273 | Slime:5  | Gained mutation: Armour fits poorly on your strangely
                  | shaped body. [a shining eye]
 43285 | Slime:5  | Acquired the +0 pair of fencer's gloves {Riposte Dex+3}
 43285 | Slime:5  | Found the +0 pair of fencer's gloves {Riposte Dex+3}
 43352 | Slime:5  | Identified the scarf "Naga" {shadows, Str+5 Int+4}
 43611 | D:10     | Lost mutation: You are dopey. (Int -2) [potion of mutation]
 43611 | D:10     | Lost mutation: Armour fits poorly on your strangely shaped
                  | body. [potion of mutation]
 43611 | D:10     | Lost mutation: Your spells are much easier to cast, but
                  | much less powerful. [potion of mutation]
 43611 | D:10     | Gained mutation: You have large cloven feet. [potion of
                  | mutation]
 43611 | D:10     | Gained mutation: Your magical capacity is low. (-10% MP)
                  | [potion of mutation]
 43737 | Depths:1 | Entered Level 1 of the Depths
 44151 | Depths:1 | Found a gateway to Hell.
 44683 | Depths:1 | Found the +8 Vampire's Tooth {megavamp}
 44897 | Depths:2 | Found a one-way gate leading to the halls of Pandemonium.
 44981 | Depths:2 | Noticed Bai Suzhen
 45000 | Depths:2 | Killed Bai Suzhen
 45033 | Depths:2 | Reached XP level 25. HP: 257/257 MP: 27/36
 45044 | Depths:2 | Reached skill level 27 in Axes
 45293 | Depths:2 | Identified the +7 chain mail of Hyekhlichua {SInv}
 45431 | Depths:2 | Found a hide-covered altar of Uskayaw.
 45602 | Depths:2 | Found a one-way gateway to a ziggurat.
 45948 | Depths:3 | Noticed the Enchantress
 45949 | Depths:3 | Killed the Enchantress
 45950 | Depths:3 | Reached skill level 15 in Armour
 46276 | Depths:3 | Found a one-way gate to the infinite horrors of the Abyss.
 46772 | Depths:4 | Entered Level 4 of the Depths
 46781 | Depths:4 | Reached skill level 15 in Shields
 46791 | Depths:4 | Noticed Vv
 46806 | Depths:4 | Killed Vv
 47025 | Depths:4 | Found an ornate altar of the Wu Jian Council.
 47610 | Depths:4 | Reached XP level 26. HP: 266/266 MP: 26/36
 47629 | Depths:4 | Acquired the scarf "Ajyewiod" {shadows, rF+ rN+ Str+8}
 47708 | Depths:4 | Found a gate to the Realm of Zot.
 48010 | Zot:1    | Entered Level 1 of the Realm of Zot
 48933 | Zot:2    | Found a transporter.
 48937 | Zot:2    | Found a transporter.
 48937 | Zot:2    | Found a transporter.
 48939 | Zot:2    | Found a transporter.
 50046 | Zot:3    | Reached XP level 27. HP: 273/273 MP: 26/36
 51439 | Zot:5    | Entered Level 5 of the Realm of Zot
 51781 | Zot:5    | Noticed an orb of fire
 51792 | Zot:5    | Noticed an ancient lich
 51794 | Zot:5    | Gained mutation: You are dopey. (Int -2) [an orb of fire]
 51795 | Zot:5    | Gained mutation: Your magical capacity is very low. (-20%
                  | MP) [an orb of fire]
 51798 | Zot:5    | Killed an orb of fire
 51801 | Zot:5    | Killed an ancient lich
 51900 | Zot:5    | Noticed an orb of fire
 51907 | Zot:5    | Gained mutation: You occasionally lose the ability to read
                  | scrolls when taking damage. [an orb of fire]
 51912 | Zot:5    | Gained mutation: Your body sometimes deteriorates upon
                  | taking damage. [an orb of fire]
 51917 | Zot:5    | Killed an orb of fire
 52125 | Zot:5    | Got the Orb of Zot
 52337 | Depths:3 | Lost mutation: Your muscles are strong. (Str +4, Int/Dex
                  | -1) [a neqoxec]
 52811 | D:$      | Escaped with the Orb!

Illustrated notes

Levels and vault maps discovered:
D:1:      dpeg_arrival_erosion, layout_basic,
          shapermc_ecumenical_altar_starsandcircs, st_stairs_2
D:2:      layout_rooms, minmay_misc_feat_secret_circle
D:3:      layout_basic, portal_sewer_entry_d, uniq_crazy_yiuf_cottage
D:4:      layout_loops_ring, mainiacjoe_overflow_small_starburst,
          mainiacjoe_overflow_boulevard
D:5:      layout_cave_pools, lemuel_tele_altar, mainiacjoe_overflow_alcove_2,
          minmay_temple_entry_junction_2, serial_shops,
          nicolae_shop_hallway_plus, nicolae_square_shop, nicolae_shop_crystal,
          serial_demonic, serial_demonic_b, serial_demonic_d, serial_demonic_b,
          serial_demonic_d, serial_demonic_e, serial_demonic_b, serial_demonic_a
D:6:      layout_loops_ring, biasface_ghost_orc_armoury, minmay_misc_feat_square
D:7:      layout_layer_cave, lemuel_mausoleum_altar_kikubaaqudgha, serial_shops,
          nicolae_shop_advertising_works [nicolae_subvault_shop_adworks],
          david_defended_altar_orc
D:8:      layout_basic, grunt_temple_overflow_open
D:9:      layout_cave_pools, serial_glass, glass_columns_b, glass_columns_b
D:10:     layout_long_grid, dpeg_oklobed_lair, serial_shops, shop,
          hellmonk_bongcloud_opening, hex_large, chequers_serial_rivers_small_a,
          uniq_snorg
D:11:     layout_loops_corners, serial_bayou, serial_bayou_shore_b,
          serial_bayou_shore_a, serial_bayou_shore_b, serial_bayou_crossing,
          gammafunk_ghost_smash, nicolae_wooded_promenade, grunt_decor_arrowhead
D:12:     layout_roguey, erik_orc_2, minmay_door_square, serial_bayou_pond_b,
          minmay_fountain_box, bloody_trog
D:13:     layout_grid_maze, erik_vaults_1, roderic_serpentine_path,
          uniq_frances, uniq_jorgrun, uniq_josephine, uniq_erolcha
D:14:     layout_loops_ring
D:15:     gammafunk_depths_entry_grave, layout_irregular_city,
          grunt_decor_one_mirror, portal_ice_cave_entry_ice_statue_two
Lair:1:   layout_misc_corridors, minivault_19, lemuel_fruit_fields,
          lemuel_fruit_fields
Lair:2:   layout_regular_city, swamp_mist, guppyfry_snake_entry_garden,
          uniq_fannar, uniq_harold, uniq_gastronok
Lair:3:   regret_index_bee_streams, layout_chaotic_city
Lair:4:   layout_layer_cave, serial_bayou_shore_b, infiniplex_staircase_pool
Lair:5:   wormcave, layout_regular_city, hangedman_lair_in_review, slime_entry_1
Swamp:1:  layout_basic_swamp, basic_altar, nicolae_swamp_stuck_in_the_mud,
          uniq_kirke, uniq_donald
Swamp:2:  layout_basic_swamp, evilmike_swamp_ruin_house_2, swamp_pool3,
          nicolae_swamp_hydra_murder_den
Swamp:3:  layout_basic_swamp, evilmike_swamp_ruin_house_6, swamp_pool3
Swamp:4:  swamp_old_school, layout_basic_swamp, swamp_pool2
Snake:1:  cheibrodos_toxic_ritual, layout_misc_corridors,
          ebering_ghost_disaster_area, grunt_megastairs_3
Snake:2:  layout_misc_corridors, guppyfry_snake_island
Snake:3:  layout_gridlike, ebering_ghost_xom
Snake:4:  grunt_snake_rune_pools, layout_rooms, serial_shops, shop,
          uniq_vashnia, uniq_louise
Slime:1:  layout_caves
Slime:2:  layout_caves, nicolae_slime_rock_hall_of_fame
Slime:3:  cheibrodos_slime_lost_civilization_1, layout_caves
Slime:4:  layout_caves, cheibrodos_slime_lost_civilization_5
Slime:5
Orc:1:    layout_diamond_mine, serial_shops, shop, basic_altar
Orc:2:    st_orc_town, layout_diamond_mine
Elf:1:    nicolae_elf_arrival_no_cutting_in_line, layout_geoelf_octagon,
          hangedman_elven_crosses_minicolossus, serial_sigils_hangedman_confine,
          uniq_agnes
Elf:2:    elven_hall_of_blades_hangedman_original [grunt_blade_entry_basic],
          layout_geoelf_octagon, serial_shops, nicolae_shop_just_a_little_nook,
          trove_entry_hex_spiral, roderic_roman_lattice, uniq_asterion
Elf:3:    elf_hall_gauntlet_narrow, layout_rooms, dk_noncrumbling_3,
          minmay_shop_grid_forest, minivault_16, uniq_roxanne
Vaults:1: nicolae_vaults_house_3, st_lattice, nicolae_vaults_trapezoid_4,
          vaults_dpeg_encased_lava, v_alt_pattern_6,
          hangedman_vaults_stretched_pinwheel, nicolae_vaults_house_1,
          grunt_vaults_swirl, nicolae_vaults_tetromino_Z_1,
          nicolae_vaults_sightless_eye, vaults_dpeg_emergency_exit,
          layout_vaults_quadrants
Vaults:2: hellmonk_ghost_big_iron, nicolae_vaults_hallways_thing,
          nicolae_vaults_six-pack, nicolae_vaults_surprise_closet_hard,
          nicolae_vaults_heart-shaped_vault, vaults_room_fours,
          nicolae_vaults_specimen_jars, nicolae_vaults_closet_pinwheel_5,
          minmay_crypt_entry_nasty_monster, nicolae_vaults_heart-shaped_vault,
          nicolae_vaults_surprise_closet, ontoclasm_vaults_shuriken,
          layout_vaults_chaotic_city, serial_shops,
          nicolae_shop_tiny_statue_garden, nicolae_shop_bloodbath_and_beyond,
          nicolae_shop_hallway_plus, shop
Vaults:3: nicolae_vaults_trapezoid_lopsided_3, v_misc_24,
          nicolae_vaults_cornered_office, v_misc_14, nicolae_vaults_trapezoid_3,
          nicolae_vaults_three_branches, nicolae_vaults_sesquioval_fish,
          nicolae_vaults_doubleplus_tesselated,
          nicolae_vaults_closet_pinwheel_1, grunt_vaults_hallway_short,
          nicolae_vaults_closet_pinwheel_4, ontoclasm_vaults_idyll,
          vaults_dpeg_diagonal, nicolae_vaults_cochlea, layout_vaults_big_cross,
          serial_shops, shop, nicolae_shop_overgrown_old_shop
Vaults:4: nicolae_vaults_door_testing_chamber, vaults_room_grid,
          nicolae_vaults_oval_intersection, nicolae_vaults_ninety_degrees,
          nicolae_vaults_steering_wheel, nicolae_vaults_closet_pinwheel_4,
          vaults_room_corners, nicolae_vaults_little_squares_3, v_misc_16,
          nicolae_vaults_mini_display_case, nicolae_vaults_tetromino_Z_2,
          nicolae_vaults_tetromino_Z_1, nicolae_vaults_circle_grid_a,
          layout_vaults_maze_snakey, uniq_margery
Vaults:5
Depths:1: layout_gridlike, grunt_mini_vestibule, minmay_misc_feat_enclosed,
          hex_intersection, minmay_guarded_unrand_vampires_tooth
Depths:2: four-leaf_vault, layout_gridlike, enter_ziggurat_b,
          grunt_pan_entry_spiral, serial_bayou_pond_a,
          grunt_hell_entry_dis_grunt, nicolae_uskayaw_dance_hall,
          serial_bayou_shore_b, uniq_bai_suzhen
Depths:3: cross_vault, layout_cave_shapes, hangedman_coc_ice_floe, abyss_entry,
          infiniplex_staircase_pillars_1, uniq_enchantress
Depths:4: grunt_zot_entry_hairpin, layout_gridville,
          nicolae_wu_jian_wuxing_cycle, hell_entry, hex_tiny, uniq_vv
Zot:1:    layout_misc_corridors, grunt_megastairs_2
Zot:2:    layout_cathedral_of_symmetry, nicolae_diode_intersection
Zot:3:    layout_misc_corridors, bh_zot_levy_curve
Zot:4:    layout_onion_interference, grunt_megastairs_5
Zot:5:    layout_onion

Skill      XL: |  1  2  3  4  5  6  7  8  9 10 11 12 13 14 15 16 17 18 19 20 21 22 23 24 25 26 27 |
---------------+----------------------------------------------------------------------------------+-----
Axes           | 5 6 7 8 10 12 14 16 17 18 19 20 21 22 26 27 | 27.0
Invocations    | 8 10 11 13 14 17 18 22 23 24 27 | 27.0
Armour         | 7 9 10 12 13 14 17 20 23 | 23.5
Dodging        | 3 4 9 13 14 | 14.0
Ice Magic      | 8 |  8.0
Fighting       | 9 12 14 15 18 20 22 24 27 | 27.0
Shields        | 2 12 13 16 19 22 | 22.8
Stealth        | |  1.5

Action                     |  1- 3 |  4- 6 |  7- 9 | 10-12 | 13-15 | 16-18 | 19-21 | 22-24 | 25-27 || total
---------------------------+-------+-------+-------+-------+-------+-------+-------+-------+-------++-------
  Melee: Hand axe          |   119 |   173 |       |       |       |       |       |       |       ||   292
         Punch             |     1 |     1 |       |    10 |    20 |       |       |       |       ||    32
         War axe           |       |    78 |   308 |   478 |   866 |   976 |  1347 |    32 |       ||  4085
         Unarmed           |       |       |     9 |       |       |       |       |       |       ||     9
         Mace              |       |       |       |    19 |       |       |       |       |       ||    19
         Broad axe         |       |       |       |       |       |       |       |   926 |  1173 ||  2099
   Cast: Ozocubu's Armour  |       |       |       |       |     2 |       |     1 |       |     1 ||     4
 Invoke: Upheaval          |       |       |     2 |    11 |    12 |    10 |    11 |     5 |     7 ||    58
         Disaster Area     |       |       |       |     2 |     1 |     1 |       |     6 |     2 ||    12
         Elemental Force   |       |       |       |       |     3 |     8 |     2 |     6 |     1 ||    20
    Use: Scroll            |     2 |     4 |    16 |     9 |     5 |     3 |     6 |     5 |     5 ||    55
         Potion            |       |       |     4 |     3 |       |       |     1 |     4 |     2 ||    14
   Stab: Distracted        |       |       |       |     4 |    16 |    25 |    23 |     6 |       ||    74
         Petrified         |       |       |       |       |    10 |       |       |       |       ||    10
         Petrifying        |       |       |       |       |     1 |       |       |       |       ||     1
         Paralysed         |       |       |       |       |     1 |     9 |       |     6 |     3 ||    19
         Held in net/web   |       |       |       |       |       |       |       |       |     1 ||     1
 Armour: Robe              |    16 |       |       |       |       |       |       |       |       ||    16
         Leather armour    |    13 |       |       |       |       |       |       |       |       ||    13
         Scale mail        |     1 |    54 |       |       |       |       |       |       |       ||    55
         Plate armour      |       |    59 |   196 |       |       |       |     4 |    48 |       ||   307
         Ring mail         |       |       |    22 |   146 |       |       |       |       |       ||   168
         Skin              |       |       |     1 |       |       |       |       |       |       ||     1
         Chain mail        |       |       |       |    29 |   305 |   259 |   183 |       |       ||   776
         Storm dragon scal |       |       |       |       |       |       |       |    64 |    35 ||    99
         Gold dragon scale |       |       |       |       |       |       |       |       |   156 ||   156
  Dodge: Dodged            |    66 |   102 |   103 |   166 |   319 |   241 |   155 |   211 |   336 ||  1699
         Repelled          |       |       |     1 |     1 |    16 |    21 |    12 |    12 |    40 ||   103
  Block: Other             |    13 |    44 |    72 |    83 |   190 |       |       |       |       ||   402
         Kite shield       |       |       |       |       |     5 |   890 |   909 |   890 |  1315 ||  4009
         Reflection        |       |       |       |       |       |    80 |   111 |    75 |    30 ||   296
         Tower shield      |       |       |       |       |       |     6 |       |       |       ||     6
Riposte: Broad axe         |       |       |       |       |       |       |       |    78 |   451 ||   529

Table legend: (Time is in decaauts)
 A = Elapsed time spent in this place.
 B = Non-inter-level travel time spent in this place.
 C = Inter-level travel time spent in this place.
 D = Time resting spent in this place.
 E = Time spent auto-exploring this place.
 F = Levels seen in this place.
 G = Mean time per level.
                   A        B        C        D        E       F      G
               +--------+--------+--------+--------+--------+-----+--------+
         Total |  51679 |  46314 |   5365 |   1757 |  31442 |  55 |  939.6 |
       Dungeon |  15960 |  14015 |   1945 |     93 |  11132 |  15 | 1064.0 |
          Lair |   4947 |   4281 |    666 |     12 |   3196 |   5 |  989.4 |
         Swamp |   3126 |   2876 |    250 |     34 |   1891 |   4 |  781.5 |
     Snake Pit |   4064 |   3719 |    345 |    470 |   1917 |   4 | 1016.0 |
    Slime Pits |    713 |    653 |     60 |     14 |    136 |   5 |  142.6 |
  Orcish Mines |   2197 |   1866 |    331 |    162 |    721 |   2 | 1098.5 |
   Elven Halls |   3596 |   3022 |    574 |    195 |   1901 |   3 | 1198.7 |
        Vaults |   7281 |   6648 |    633 |    471 |   4632 |   5 | 1456.2 |
        Depths |   4293 |   3964 |    329 |      0 |   3057 |   4 | 1073.2 |
           Zot |   4027 |   3799 |    228 |    121 |   2300 |   5 |  805.4 |
         Trove |     51 |     51 |      0 |      0 |      0 |   1 |   51.0 |
         Sewer |    505 |    505 |      0 |      0 |    180 |   1 |  505.0 |
      Ice Cave |    914 |    914 |      0 |    185 |    377 |   1 |  914.0 |
               +--------+--------+--------+--------+--------+-----+--------+

Top non-repeatable levels by time:
Vaults:1: 1889 daAuts
    D:12: 1678 daAuts
Vaults:2: 1576 daAuts
     D:7: 1559 daAuts
   Orc:2: 1482 daAuts
Vaults:3: 1474 daAuts
   Elf:2: 1410 daAuts
    D:11: 1329 daAuts
 Snake:1: 1323 daAuts
Vaults:4: 1286 daAuts
  Lair:5: 1283 daAuts
Depths:4: 1256 daAuts
    D:13: 1195 daAuts
   Elf:3: 1172 daAuts
Depths:2: 1126 daAuts
